 Dungeon Crawl Stone Soup version 0.28-a0-2-g643f2454ad (webtiles) character file.

Game seed: 6933283398095635224

62 angelsbits the Skirmisher (level 3, 0/29 HPs)
             Began as a Demonspawn Berserker on July 22, 2021.
             Was a Believer of Trog.
             Slain by an orc (7 damage)
             ... on level 3 of the Dungeon.
             The game lasted 00:09:20 (3350 turns).

angelsbits the Skirmisher (Demonspawn Berserker)    Turns: 3350, Time: 00:09:24

Health: 0/29       AC:  1    Str: 20    XL:     3   Next: 85%
Magic:  3/3        EV: 12    Int:  8    God:    Trog [**....]
Gold:   99         SH:  0    Dex: 12    Spells: 2/2 levels left

rFire   . . .      SeeInvis .   a - +0 hand axe
rCold   . . .      Faith    .   (no shield)
rNeg    . . .      Spirit   .   (no armour)
rPois   .          Reflect  .   (helmet restricted)
rElec   .          Harm     .   (no cloak)
rCorr   .          Rampage  .   n - +0 pair of gloves
Will    .....                   (no boots)
Stlth   +.........              (no amulet)
HPRegen 0.09/turn               (no ring)
MPRegen 0.08/turn               (no ring)

@: no status effects
A: spiny 1, demonic magic 1, antennae 1, strong 1
a: Renounce Religion, Berserk, Trog's Hand


You were on level 3 of the Dungeon.
You worshipped Trog.
Trog was pleased with you.
You visited 1 branch of the dungeon, and saw 3 of its levels.

You collected 99 gold pieces.

Inventory:

Hand Weapons
 a - a +0 hand axe (weapon)
 e - a +0 hunting sling
 h - a +0 club
 i - a +0 long sword of holy wrath
 o - a +0 war axe
Missiles
 d - 87 stones (quivered)
 j - 28 arrows
Armour
 b - a +0 chain mail
 g - a +0 ring mail
 k - a +0 leather armour
 m - a +0 leather armour
 n - a +0 pair of gloves (worn)
Potions
 c - a potion of berserk rage {unknown}
 f - a potion of curing


   Skills:
 + Level 3.4 Fighting
 + Level 3.4 Axes
 + Level 2.1 Armour
 + Level 2.3 Dodging
 + Level 0.4 Stealth


You had 2 spell levels left.
You didn't know any spells.
Your spell library contained the following spells:

 Spells                   Type           Power      Damage    Failure   Level
 Leda's Liquefaction      Hex/Erth       0%         N/A       99%         4
 Bolt of Magma            Conj/Fire/Erth 0%         4d4       100%        5
 Statue Form              Tmut/Erth      0%         N/A       100%        6


Dungeon Overview and Level Annotations

Branches:
Dungeon (3/15)

Altars:
Elyvilon


Innate Abilities, Weirdness & Mutations

You are partially covered in sharp spines.
Spells you cast may paralyse adjacent enemies.
You have a pair of small antennae on your head.
Your muscles are strong. (Str +2)


Message History

An orc comes into view. It is wielding a +0 mace.
The orc wizard misses you.
You feel less confused.
The orc wizard is struck by your spines.
The orc wizard hits you with a +0 dagger.
You completely miss the orc. You closely miss the orc wizard.
The orc wizard is struck by your spines.
The orc wizard hits you with a +0 dagger.
The orc barely misses you.
You hit the orc but do no damage.
You hit the orc wizard but do no damage.
The orc wizard casts a spell at you.
You are confused.
You bump into the rock wall.
The orc wizard hits you with a +0 dagger.
An orc wizard comes into view. It is wielding a +0 dagger.
The orc closely misses you. The orc hits you with a +0 mace.
The orc wizard shouts!
You hit the orc.
The orc is lightly wounded.
You barely miss the orc wizard. You hit the orc but do no damage.
The orc wizard is struck by your spines.
The orc wizard closely misses you. The orc is struck by your spines.
The orc hits you with a +0 hand axe.
You are too confused!
You feel better.
The orc wizard hits you with a +0 dagger.
The orc wizard casts a spell.
The orc wizard flickers and vanishes!
Deactivating autopickup; reactivate with Ctrl-A.
The orc is struck by your spines. The orc hits you with a +0 hand axe.
The orc is struck by your spines. The orc hits you with a +0 mace!
* * * LOW HITPOINT WARNING * * *
You feel better.
The orc wizard is struck by your spines.
You kill the orc wizard!
Trog accepts your kill.
Trog appreciates your killing of a magic user.
The orc hits you with a +0 hand axe!
You die...

......##...
#..####.#
##.####
#..####.# #.#
#####....##.#
#.#
.......##.##.#
..#
#####..##.##.#
...
####........#
#..#
#.##........####
###.
#.....)o#####
#......@#
.#.#.##o# ...
#.# #. #.# # #.#
..# ###


You could see 2 orcs.

Vanquished Creatures
  An orc wizard (D:3)
  An adder (D:2)
  2 dart slugs
  4 orcs (D:3)
  4 bats
  2 endoplasms
  A giant cockroach (D:1)
  8 goblins
  3 hobgoblins
  5 jackals
  A quokka (D:2)
  5 ball pythons
  A frilled lizard (D:2)
  3 kobolds (D:2)
  A rat (D:1)
42 creatures vanquished.

Notes
Turn   | Place    | Note
-------+----------+-------------------------------------------
     0 | D:1      | angelsbits the Demonspawn Berserker began the quest for the
                  | Orb.
     0 | D:1      | Reached XP level 1. HP: 18/18 MP: 1/1
   446 | D:1      | Gained mutation: You are partially covered in sharp spines.
                  | [demonic ancestry]
   446 | D:1      | Reached XP level 2. HP: 24/24 MP: 2/2
  1087 | D:1      | Gained mutation: Your muscles are strong. (Str +2) [potion
                  | of mutation]
  1087 | D:1      | Gained mutation: You have a pair of small antennae on your
                  | head. [potion of mutation]
  1228 | D:2      | Gained mutation: Spells you cast may paralyse adjacent
                  | enemies. [demonic ancestry]
  1228 | D:2      | Reached XP level 3. HP: 14/29 MP: 3/3
  2267 | D:2      | Reached ** piety under Trog
  3350 | D:3      | Slain by an orc

Illustrated notes

Levels and vault maps discovered:
D:1:      heliophobic_arrival_glass_houses, layout_basic
D:2:      layout_loops_ring, basic_altar
D:3:      layout_loops_cross, hellmonk_ecumenical_altar_blasted

Skill      XL: |  1  2 |
---------------+-------+-----
Axes           | 3 |  3.4
Dodging        | 2 |  2.3
Armour         | 2 |  2.1
Fighting       | |  3.4
Stealth        | |  0.4

Action                   || total
-------------------------++-------
Melee: Hand axe          ||    83
Invok: Berserk           ||     1
  Use: Scroll            ||     3
       Potion            ||     3
Armor: Animal skin       ||    13
       Leather armour    ||     6
       Ring mail         ||     3
Dodge: Dodged            ||    67

Table legend: (Time is in decaauts)
 A = Elapsed time spent in this place.
 B = Non-inter-level travel time spent in this place.
 C = Inter-level travel time spent in this place.
 D = Time resting spent in this place.
 E = Time spent auto-exploring this place.
 F = Levels seen in this place.
 G = Mean time per level.
                   A        B        C        D        E       F      G
               +--------+--------+--------+--------+--------+-----+--------+
         Total |   3371 |   2224 |   1147 |   1323 |    578 |   3 | 1123.7 |
       Dungeon |   3371 |   2224 |   1147 |   1323 |    578 |   3 | 1123.7 |
               +--------+--------+--------+--------+--------+-----+--------+

Top non-repeatable levels by time:
     D:2: 1403 daAuts
     D:1: 1129 daAuts
     D:3: 839 daAuts
